[Event "ICCopen2016"]
[Site "Internet Chess Club"]
[Date "2016.06.03"]
[Round "3"]
[White "Eraser007"]
[Black "Grann"]
[Result "1-0"]
[ICCResult "Black resigns"]
[WhiteElo "2215"]
[BlackElo "1502"]
[Opening "Sicilian: Nimzovich-Rossolimo attack (with ...g6, without ...d6)"]
[ECO "B31"]
[NIC "SI.31"]
[Time "19:22:10"]
[TimeControl "180+0"]

1. e4 c5 2. Nf3 Nc6 3. Bb5 g6 4. O-O Bg7 5. Re1 e5 6. Bxc6 bxc6 7. b3 Ne7 8.
Bb2 d6 9. Na3 O-O 10. c3 h6 11. d4 exd4 12. cxd4 g5 13. Nc4 Ng6 14. dxc5
Bxb2 15. Nxb2 Qf6 16. Nd3 dxc5 17. e5 Qe7 18. Rc1 Rd8 19. Qe2 Bg4 20. h3
Bxf3 21. Qxf3 Nh4 22. Qe3 Rd4 23. Nxc5 Rad8 24. Ne4 Qxe5 25. Ng3 Qf6 26. Ne4
Qe5 27. Rxc6 Nf5 28. Nf6+ {Black resigns} 1-0

[Event "ICCopen2016"]
[Site "Internet Chess Club"]
[Date "2016.06.03"]
[Round "3"]
[White "minmax"]
[Black "welo1969"]
[Result "1-0"]
[ICCResult "Black resigns"]
[WhiteElo "2018"]
[BlackElo "1329"]
[Opening "QGD Slav: exchange variation"]
[ECO "D13"]
[NIC "SL.02"]
[Time "19:22:56"]
[TimeControl "180+0"]

1. d4 d5 2. c4 c6 3. cxd5 cxd5 4. Nf3 Nf6 5. Nc3 Nc6 6. Bf4 a6 7. e3 Bg4 8.
h3 Bxf3 9. Qxf3 e6 10. Bd3 Be7 11. O-O O-O 12. a3 b5 13. Rac1 Rc8 14. Bg3
Na5 15. Rfd1 Nc4 16. Bxc4 Rxc4 17. Ne2 Ne4 18. Rxc4 bxc4 19. Nc3 Nxc3 20.
bxc3 Qa5 21. e4 dxe4 22. Qxe4 Qxc3 23. d5 Rd8 24. d6 Bf8 25. d7 Be7 26. Bc7
Qb3 27. Qd4 c3 28. Bxd8 c2 29. Rc1 Bxd8 30. Qd2 Qxa3 31. Rxc2 Qe7 32. Rc8 a5
33. Qxa5 {Black resigns} 1-0

[Event "ICCopen2016"]
[Site "Internet Chess Club"]
[Date "2016.06.03"]
[Round "3"]
[White "chessdad"]
[Black "betterone76"]
[Result "0-1"]
[ICCResult "White resigns"]
[WhiteElo "1220"]
[BlackElo "1525"]
[Opening "Four knights: Schultze-Müller gambit"]
[ECO "C47"]
[NIC "KP.06"]
[Time "19:22:00"]
[TimeControl "180+0"]

1. e4 e5 2. Nf3 Nc6 3. Nc3 Nf6 4. Nxe5 Nxe5 5. d4 Ng6 6. e5 Ng8 7. Bc4 d6 8.
O-O dxe5 9. Qf3 Qf6 10. Qd5 N8e7 11. dxe5 Nxd5 12. exf6 Nxc3 13. fxg7 Bxg7
14. bxc3 O-O 15. Rb1 Bxc3 16. Ba3 Re8 17. Rb3 Bg7 18. Rg3 Be6 19. Bb5 c6 20.
Bd3 Be5 21. Re3 Bd4 22. Rg3 Bg7 23. Re1 Bd5 24. Rxe8+ Rxe8 25. h3 Be5 26.
Re3 Rd8 27. g3 Bd4 28. Re2 Ne5 29. Be7 Re8 30. Bf6 Nf3+ {White resigns} 0-1

[Event "ICCopen2016"]
[Site "Internet Chess Club"]
[Date "2016.06.03"]
[Round "3"]
[White "huntos"]
[Black "kvicc"]
[Result "0-1"]
[ICCResult "White resigns"]
[WhiteElo "1591"]
[BlackElo "2210"]
[Opening "QGD Slav: exchange variation"]
[ECO "D13"]
[NIC "SL.02"]
[Time "19:22:35"]
[TimeControl "180+0"]

1. d4 Nf6 2. Nf3 c6 3. c4 d5 4. cxd5 cxd5 5. Nc3 e6 6. Bf4 a6 7. e3 Nc6 8.
Rc1 Bd6 9. Bg3 h6 10. Bd3 Bxg3 11. hxg3 Qb6 12. Qe2 Bd7 13. b3 Qa5 14. O-O
Rc8 15. Qd2 O-O 16. Bb1 Ne7 17. Na4 Qxd2 18. Nxd2 Bxa4 19. bxa4 Nc6 20. Nb3
Rc7 21. Na5 Rfc8 22. Nxc6 Rxc6 23. Rxc6 Rxc6 24. Rd1 Rc4 25. Kf1 Rxa4 26.
Rc1 g6 27. Rc8+ Kg7 28. Rc7 Rb4 29. Bc2 Rb2 30. Bb3 Ne4 31. Rc2 Rb1+ 32. Ke2
b5 33. Rc6 a5 34. Ra6 Rb2+ {White resigns} 0-1

[Event "ICCopen2016"]
[Site "Internet Chess Club"]
[Date "2016.06.03"]
[Round "3"]
[White "TrendFriend"]
[Black "eastside"]
[Result "1-0"]
[ICCResult "Black resigns"]
[WhiteElo "2450"]
[BlackElo "1772"]
[Opening "Ruy Lopez: closed, center attack"]
[ECO "C84"]
[NIC "RL.15"]
[Time "19:22:46"]
[TimeControl "180+0"]

1. e4 e5 2. Nf3 Nc6 3. Bb5 a6 4. Ba4 Nf6 5. O-O Be7 6. d4 b5 7. dxe5 Nxe4 8.
Bb3 Nc5 9. Bd5 O-O 10. Bf4 Bb7 11. Nc3 d6 12. exd6 Bxd6 13. Bxc6 Bxc6 14.
Bxd6 cxd6 15. Nd4 Bb7 16. Qd2 Qf6 17. Rad1 Rad8 18. Rfe1 b4 19. Nce2 a5 20.
Ng3 Rfe8 21. h3 Rxe1+ 22. Rxe1 Ne6 23. Ngf5 Nxd4 24. Nxd4 g6 25. f3 Kg7 26.
Kh1 Rd7 27. c3 bxc3 28. Qxc3 Bd5 29. b3 a4 30. bxa4 Bxa2 31. a5 Kh6 32. Qd2+
Kg7 33. Qxa2 Qxd4 34. a6 d5 35. Ra1 Ra7 36. Rb1 Qc4 37. Qb2+ Kh6 38. Qd2+
Kg7 39. Rc1 Qb5 40. Qd4+ Kh6 41. Qxa7 {Black resigns} 1-0

[Event "ICCopen2016"]
[Site "Internet Chess Club"]
[Date "2016.06.03"]
[Round "3"]
[White "JUGGERNOT"]
[Black "MaestroASK"]
[Result "0-1"]
[ICCResult "White resigns"]
[WhiteElo "1836"]
[BlackElo "2566"]
[Opening "Bird's opening"]
[ECO "A02"]
[NIC "VO.07"]
[Time "19:22:52"]
[TimeControl "180+0"]

1. f4 d6 2. Nf3 c6 3. e4 g6 4. Bc4 d5 5. exd5 cxd5 6. Bb3 Nc6 7. O-O Bg4 8.
c3 h5 9. h3 Bxf3 10. Qxf3 e6 11. d4 h4 12. Re1 Be7 13. Be3 Nh6 14. Bf2 Nf5
15. Nd2 Kf8 16. Qg4 Kg7 17. Nf3 Bf6 18. Ne5 Qc7 19. Re2 a6 20. Bc2 Nce7 21.
Rae1 Rae8 22. Bxf5 Nxf5 23. Nxg6 fxg6 24. Rxe6 Rxe6 25. Rxe6 Kf7 26. Qe2 Rd8
27. a3 Rd7 28. Re8 Re7 29. Rxe7+ Qxe7 30. Qf3 Qe4 31. Qg4 b5 32. Bxh4 Bxh4
{White resigns}
0-1

[Event "ICCopen2016"]
[Site "Internet Chess Club"]
[Date "2016.06.03"]
[Round "3"]
[White "GreyWarden"]
[Black "senya"]
[Result "1-0"]
[ICCResult "Black forfeits on time"]
[WhiteElo "1954"]
[BlackElo "1102"]
[Opening "Caro-Kann: advance variation"]
[ECO "B12"]
[NIC "CK.04"]
[Time "19:22:24"]
[TimeControl "180+0"]

1. e4 c6 2. d4 d5 3. e5 Bf5 4. Nc3 e6 5. g4 Bg6 6. Nge2 a6 7. h4 h6 8. Nf4
Bh7 9. Bg2 Be7 10. h5 Bg5 11. Be3 Ne7 12. Qf3 Qa5 13. Nh3 Bxe3 14. fxe3 Bxc2
15. O-O O-O 16. e4 dxe4 17. Nxe4 Qb6 18. Qf2 Bd3 19. Rfe1 Nd5 20. Nd6 Nd7
21. g5 Bf5 22. Nxf5 exf5 23. gxh6 {Black forfeits on time} 1-0

[Event "ICCopen2016"]
[Site "Internet Chess Club"]
[Date "2016.06.03"]
[Round "3"]
[White "Oblique"]
[Black "akibael"]
[Result "1/2-1/2"]
[ICCResult "Game drawn by repetition"]
[WhiteElo "1694"]
[BlackElo "2262"]
[Opening "Trompowsky attack (Ruth, Opocenský opening)"]
[ECO "A45"]
[NIC "QP.07"]
[Time "19:22:58"]
[TimeControl "180+0"]

1. d4 Nf6 2. Bg5 g6 3. Bxf6 exf6 4. e3 c5 5. c3 Qb6 6. Qc2 Bg7 7. Nf3 Nc6 8.
Nbd2 O-O 9. g3 d6 10. Bg2 Bf5 11. e4 Bg4 12. d5 Ne5 13. O-O f5 14. Nxe5 Bxe5
15. Nc4 Qc7 16. Nxe5 dxe5 17. f3 Bh5 18. exf5 gxf5 19. Qxf5 Bg6 20. Qg4 f5
21. Qg5 c4 22. h4 Qd8 23. Qh6 Qxd5 24. Rad1 Qe6 25. h5 Bf7 26. Qg5+ Kh8 27.
Bh3 Rg8 28. Qxf5 Rxg3+ 29. Kh2 Qxf5 30. Bxf5 Rg5 31. Bg4 Bxh5 32. Bxh5 Rxh5+
33. Kg3 Rg8+ 34. Kf2 Rh2+ 35. Ke3 Rxb2 36. Rd7 Rxa2 37. Rh1 Rg7 38. Rd8+ Rg8
39. Rd7 Rg7 40. Rd8+ Rg8 41. Rd7 Rg7 42. Rd8+ Rg8 {Game drawn by repetition}
1/2-1/2

[Event "ICCopen2016"]
[Site "Internet Chess Club"]
[Date "2016.06.03"]
[Round "3"]
[White "Vegita"]
[Black "orangeC"]
[Result "1-0"]
[ICCResult "Black forfeits on time"]
[WhiteElo "2295"]
[BlackElo "1647"]
[Opening "Robatsch (modern) defense"]
[ECO "B06"]
[NIC "KF.05"]
[Time "19:22:35"]
[TimeControl "180+0"]

1. e4 g6 2. d4 Bg7 3. Nf3 d6 4. Bc4 Nf6 5. Qe2 O-O 6. O-O Bg4 7. e5 dxe5 8.
dxe5 Nd5 9. Nbd2 Nc6 10. h3 Nd4 11. Qe4 Nxf3+ 12. Nxf3 Bxf3 13. Qxf3 c6 14.
Re1 e6 15. b3 Qc7 16. Bb2 b5 17. Bf1 a5 18. c4 Nb4 19. Qe2 Rfd8 20. Red1
Rxd1 21. Rxd1 Rd8 22. a3 Rxd1 23. Qxd1 Bxe5 24. Bxe5 Qxe5 25. axb4 axb4 26.
cxb5 cxb5 27. Qd3 Qc3 28. Qd1 Qc5 29. Bd3 Kg7 30. Qe2 {Black forfeits on
time} 1-0

[Event "ICCopen2016"]
[Site "Internet Chess Club"]
[Date "2016.06.03"]
[Round "3"]
[White "A-Adly"]
[Black "chessrex"]
[Result "1-0"]
[ICCResult "Black checkmated"]
[WhiteElo "2986"]
[BlackElo "1879"]
[Opening "Réti opening"]
[ECO "A04"]
[NIC "QP.11"]
[Time "19:22:28"]
[TimeControl "180+0"]

1. Nf3 f6 2. d4 e5 3. dxe5 Nc6 4. exf6 Nxf6 5. g3 d5 6. Bg2 Bc5 7. O-O O-O
8. c4 dxc4 9. Qc2 Be6 10. Nc3 h6 11. Bf4 Rc8 12. Rad1 Qe8 13. Ne5 Nxe5 14.
Bxe5 c6 15. Bd6 Bxd6 16. Rxd6 Qe7 17. Rfd1 Rfd8 18. Rxd8+ Rxd8 19. e4 Rxd1+
20. Qxd1 Qd7 21. Qe1 Qd3 22. e5 Nd5 23. Ne4 Qd4 24. Nd6 b5 25. h4 Ne7 26.
Qa5 Qb6 27. Qd2 Qc5 28. Ne4 Qxe5 29. Qd8+ Kf7 30. Nd6+ Kf6 31. Qf8+ Kg6 32.
Qxe7 Qe1+ 33. Kh2 Kh7 34. Be4+ Kg8 35. Qe8# {Black checkmated} 1-0

[Event "ICCopen2016"]
[Site "Internet Chess Club"]
[Date "2016.06.03"]
[Round "3"]
[White "baconwithfries"]
[Black "panom"]
[Result "0-1"]
[ICCResult "White forfeits on time"]
[WhiteElo "1331"]
[BlackElo "1598"]
[Opening "King's Indian: Sämisch, orthodox variation"]
[ECO "E85"]
[NIC "KI.43"]
[Time "19:22:20"]
[TimeControl "180+0"]

1. d4 Nf6 2. c4 g6 3. Nc3 Bg7 4. e4 d6 5. f3 O-O 6. Be3 e5 7. Nge2 exd4 8.
Bxd4 Nbd7 9. g4 c5 10. Be3 Ne5 11. Ng3 Be6 12. Nd5 Bxd5 13. cxd5 Qa5+ 14.
Qd2 Qxd2+ 15. Kxd2 Nxf3+ 16. Ke2 Ne5 17. g5 Nfd7 18. h4 Nb6 19. Rb1 Nec4 20.
Bc1 Be5 21. Rh3 Rfe8 22. b3 Bxg3 23. Rxg3 Ne5 24. Bb2 Ned7 25. Ke3 Nxd5+ 26.
Kf3 Nb4 27. Bb5 Red8 28. Rf1 a6 29. Bc4 b5 30. Bxf7+ Kxf7 31. Ke3+ Kg8 32.
Rgf3 Ne5 33. Rf7 Nxf7 34. Rxf7 Kxf7 {White forfeits on time} 0-1

[Event "ICCopen2016"]
[Site "Internet Chess Club"]
[Date "2016.06.03"]
[Round "3"]
[White "talbagels2"]
[Black "JJ12"]
[Result "0-1"]
[ICCResult "White resigns"]
[WhiteElo "1691"]
[BlackElo "2284"]
[Opening "Ruy Lopez: Schliemann defense"]
[ECO "C63"]
[NIC "RL.06"]
[Time "19:22:23"]
[TimeControl "180+0"]

1. e4 e5 2. Nf3 Nc6 3. Bb5 f5 4. d3 fxe4 5. dxe4 Nf6 6. O-O Bc5 7. h3 O-O 8.
Nc3 d6 9. Bg5 Be6 10. Qe2 Nd4 11. Nxd4 Bxd4 12. Nd5 c6 13. Nxf6+ gxf6 14.
Bc4 d5 15. exd5 cxd5 16. Bh6 dxc4 17. c3 Bc5 18. Rad1 Qe7 19. Bxf8 Rxf8 20.
Qf3 f5 21. Rfe1 e4 22. Qg3+ Qg7 23. Qxg7+ Kxg7 24. a3 Kf6 25. g3 Rg8 26. Kg2
Ke5 27. h4 f4 28. Rd2 fxg3 29. fxg3 Bd5 30. Red1 Bc6 31. Kh2 e3 32. Re1 Rf8
33. Rde2 Ke4 34. g4 Kd3 35. g5 Rf2+ 36. Rxf2 exf2 37. Rd1+ Ke2 {White
resigns} 0-1

[Event "ICCopen2016"]
[Site "Internet Chess Club"]
[Date "2016.06.03"]
[Round "3"]
[White "fviana"]
[Black "Nedwis"]
[Result "0-1"]
[ICCResult "White resigns"]
[WhiteElo "2171"]
[BlackElo "2915"]
[Opening "Alekhine's defense: Balogh variation"]
[ECO "B03"]
[NIC "AL.09"]
[Time "19:22:16"]
[TimeControl "180+0"]

1. e4 Nf6 2. e5 Nd5 3. d4 d6 4. Bc4 Nb6 5. Bb3 g6 6. Nf3 Bg7 7. exd6 cxd6 8.
O-O O-O 9. h3 Nc6 10. Re1 e5 11. Bg5 Qc7 12. Nc3 Nxd4 13. Nxd4 exd4 14. Re7
Qc6 15. Ne2 h6 16. Bh4 Qc5 17. Re4 Bf5 18. Rxd4 Bxd4 19. Nxd4 Rae8 20. c3
Re4 21. Bg3 Rfe8 22. Qd2 a5 23. Qxh6 Re1+ 24. Rxe1 Rxe1+ 25. Kh2 a4 26. Nxf5
Qxf5 27. Bxd6 axb3 28. axb3 Nd7 29. Bg3 Nf6 30. Qd2 Qb1 31. Bf4 Rh1+ 32. Kg3
Ne4+ {White resigns} 0-1

[Event "ICCopen2016"]
[Site "Internet Chess Club"]
[Date "2016.06.03"]
[Round "3"]
[White "Danya"]
[Black "maxhappy"]
[Result "1-0"]
[ICCResult "Black checkmated"]
[WhiteElo "3036"]
[BlackElo "1875"]
[Opening "French: Steinitz, Boleslavsky variation"]
[ECO "C11"]
[NIC "FR.04"]
[Time "19:22:48"]
[TimeControl "180+0"]

1. e4 e6 2. d4 d5 3. Nc3 Nf6 4. e5 Nfd7 5. f4 c5 6. Nf3 Nc6 7. Be3 b6 8. Qd2
Bb7 9. g4 g6 10. O-O-O a6 11. f5 Qc7 12. fxe6 fxe6 13. Ng5 Nd8 14. Bd3 Be7
15. Nxh7 Rxh7 16. Bxg6+ Rf7 17. h4 cxd4 18. Bxd4 Nxe5 19. Bh5 Nf3 20. Qf2
Nxd4 21. Qxd4 Kd7 22. Bxf7 Nxf7 23. Qg7 Qf4+ 24. Kb1 Bf8 25. Qh7 d4 26. Rhf1
Bf3 27. Rd3 Ke8 28. Rdxf3 e5 29. Rxf4 exf4 30. Qe4+ Kd7 31. Qxa8 Bd6 32. Ne4
Be5 33. g5 Ke6 34. g6 Nh6 35. Qe8+ Kf5 36. Ng5 f3 37. Qe6+ Kf4 38. Rxf3#
{Black checkmated}
1-0

[Event "ICCopen2016"]
[Site "Internet Chess Club"]
[Date "2016.06.03"]
[Round "3"]
[White "blitzmaniac"]
[Black "DetectiveStark"]
[Result "1-0"]
[ICCResult "Black resigns"]
[WhiteElo "2940"]
[BlackElo "2457"]
[Opening "Queen's pawn game"]
[ECO "A45"]
[NIC "QP.07"]
[Time "19:23:07"]
[TimeControl "180+0"]

1. d4 Nf6 2. Nc3 e6 3. e4 Bb4 4. Bd3 d5 5. e5 Nfd7 6. Qg4 Kf8 7. a3 Bxc3+ 8.
bxc3 c5 9. h4 b6 10. h5 h6 11. a4 Ba6 12. Bb5 Bxb5 13. axb5 a6 14. Rh3 Qc8
15. Bd2 Qb7 16. Rf3 f6 17. Qxe6 axb5 18. Rxa8 Qxa8 19. Nh3 Qc6 20. Qf5 Kf7
21. Nf4 Re8 22. Rg3 Nxe5 23. Kd1 Nbd7 24. dxe5 Nxe5 25. Qh7 Rg8 26. Ng6 Nxg6
27. Qxg6+ Kf8 28. Bxh6 Qd7 29. Qxf6+ {Black resigns} 1-0

[Event "ICCopen2016"]
[Site "Internet Chess Club"]
[Date "2016.06.03"]
[Round "3"]
[White "YKQ"]
[Black "Creedence"]
[Result "0-1"]
[ICCResult "White checkmated"]
[WhiteElo "2610"]
[BlackElo "3133"]
[Opening "Queen's pawn: London system"]
[ECO "A45"]
[NIC "QP.07"]
[Time "19:23:15"]
[TimeControl "180+0"]

1. d4 Nf6 2. Bf4 g6 3. Nc3 Bg7 4. e4 d6 5. Qd2 Nc6 6. Nf3 Bg4 7. Be2 Bxf3 8.
Bxf3 e5 9. dxe5 dxe5 10. Bg5 Nd4 11. Nd5 c6 12. Nxf6+ Bxf6 13. Bxf6 Qxf6 14.
O-O-O O-O-O 15. Bg4+ Kb8 16. Qe3 h5 17. Bh3 Qf4 18. Qxf4 Ne2+ 19. Kb1 Nxf4
20. c3 Kc7 21. Kc2 a5 22. a4 Rxd1 23. Rxd1 Rd8 24. Re1 f6 25. Re3 g5 26. g4
Rh8 27. b4 b6 28. bxa5 bxa5 29. Kb3 hxg4 30. Bxg4 Rxh2 31. f3 Kb6 32. Re1
Kc5 33. Rd1 Ne2 34. Rd8 Nc1+ 35. Ka3 Ra2# {White checkmated} 0-1

[Event "ICCopen2016"]
[Site "Internet Chess Club"]
[Date "2016.06.03"]
[Round "3"]
[White "jonesey"]
[Black "aplusk"]
[Result "0-1"]
[ICCResult "White forfeits on time"]
[WhiteElo "1842"]
[BlackElo "2835"]
[Opening "Scotch gambit: Dubois-Réti defense"]
[ECO "C55"]
[NIC "KP.02"]
[Time "19:22:25"]
[TimeControl "180+0"]

1. e4 e5 2. Nf3 Nc6 3. Bc4 Nf6 4. d4 exd4 5. e5 d5 6. Bb5 Ne4 7. Nxd4 Bd7 8.
Bxc6 bxc6 9. O-O Bc5 10. f3 Ng5 11. f4 Ne4 12. Be3 Bb6 13. Nc3 Nxc3 14. bxc3
O-O 15. f5 Qe7 16. Qh5 Qxe5 17. Rae1 Rae8 18. Bf2 Qf6 19. g4 h6 20. h4 Rxe1
21. Rxe1 c5 22. g5 Qd6 23. f6 cxd4 24. fxg7 Kxg7 25. Kh1 Qg6 26. gxh6+ Kh7
27. Qf3 Bg4 {White forfeits on time} 0-1

[Event "ICCopen2016"]
[Site "Internet Chess Club"]
[Date "2016.06.03"]
[Round "3"]
[White "Mercury"]
[Black "Ira57"]
[Result "1-0"]
[ICCResult "Black forfeits on time"]
[WhiteElo "2344"]
[BlackElo "1680"]
[Opening "King's Indian: orthodox, 7...Nbd7, 8.Re1"]
[ECO "E95"]
[NIC "KI.11"]
[Time "19:22:02"]
[TimeControl "180+0"]

1. Nf3 Nf6 2. c4 g6 3. Nc3 Bg7 4. e4 d6 5. d4 O-O 6. Be2 Nbd7 7. O-O e5 8.
Re1 Re8 9. Bf1 exd4 10. Nxd4 h6 11. Rb1 a5 12. a3 c6 13. Bf4 Nc5 14. f3 Kh7
15. b4 axb4 16. axb4 Ne6 17. Nxe6 Rxe6 18. Qd2 Nh5 19. Be3 Qe8 20. Bd4 Nf6
21. Ra1 Bd7 22. Ne2 Qb8 23. Bc3 Be8 24. Rxa8 Qxa8 25. Nf4 Qa7+ 26. Bd4 Nxe4
27. Rxe4 Bxd4+ 28. Qxd4 {Black forfeits on time} 1-0

[Event "ICCopen2016"]
[Site "Internet Chess Club"]
[Date "2016.06.03"]
[Round "3"]
[White "waynehatcher"]
[Black "psychopat2016"]
[Result "1-0"]
[ICCResult "Black forfeits on time"]
[WhiteElo "1559"]
[BlackElo "1291"]
[Opening "English opening"]
[ECO "A05"]
[NIC "QP.11"]
[Time "19:22:01"]
[TimeControl "180+0"]

1. Nf3 Nf6 2. c4 g6 3. g3 Bg7 4. Bg2 O-O 5. O-O Nc6 6. Nc3 b6 7. d3 Bb7 8.
Ne5 Rb8 9. Nxc6 Bxc6 10. Bxc6 dxc6 11. Rb1 b5 12. b3 bxc4 13. dxc4 Nd7 14.
Bb2 e5 15. Qc2 Qe7 16. Rbd1 f5 17. Rd2 Nf6 18. Rfd1 Bh6 19. e3 Rbd8 20. Ne2
Ne4 21. Rxd8 Rxd8 22. Rxd8+ Qxd8 23. Bxe5 Bg7 24. Bxg7 Kxg7 25. Qb2+ Kg8 26.
Qd4 Qe7 27. Nc3 c5 28. Qd5+ Kh8 29. Nxe4 fxe4 30. Kg2 h5 31. h3 g5 32. Qf5
g4 33. Qxh5+ Kg8 34. Qxg4+ Kf8 35. Qf5+ Ke8 36. h4 Kd8 37. h5 Ke8 38. h6 Qf7
39. Qxf7+ Kxf7 40. g4 Kg6 41. g5 Kxg5 42. h7 {Black forfeits on time} 1-0

[Event "ICCopen2016"]
[Site "Internet Chess Club"]
[Date "2016.06.03"]
[Round "3"]
[White "Chaos23"]
[Black "PaYbAcK"]
[Result "0-1"]
[ICCResult "White resigns"]
[WhiteElo "1979"]
[BlackElo "2716"]
[Opening "Queen's bishop game"]
[ECO "D02"]
[NIC "QP.06"]
[Time "19:22:04"]
[TimeControl "180+0"]

1. d4 Nf6 2. Nf3 d5 3. Bf4 c5 4. e3 Nc6 5. c3 Qb6 6. Qc1 g6 7. Nbd2 Bg7 8.
Be2 O-O 9. h3 Nd7 10. O-O e5 11. dxe5 Ndxe5 12. Nxe5 Nxe5 13. Nf3 Nxf3+ 14.
Bxf3 Be6 15. Rd1 Rfd8 16. Rb1 Rac8 17. b3 Qa5 18. b4 cxb4 19. Rxb4 Rxc3 20.
Qb1 Bf5 21. e4 dxe4 22. Rxd8+ Qxd8 23. Bxe4 Bxe4 24. Rxe4 b6 25. Qb5 Rc8 26.
Bg5 Qd1+ 27. Kh2 Qd6+ 28. Bf4 Qc5 29. Re8+ Rxe8 30. Qxe8+ Bf8 31. Bh6 Qe7
32. Qb8 Qd6+ 33. Bf4 Qxb8 34. Bxb8 a5 35. Bc7 Bc5 36. f3 f5 37. Kg3 Kf7 38.
Kf4 Ke6 39. Kg5 Kd7 40. Be5 Ke6 41. Bc7 a4 42. Kh6 a3 43. Kxh7 Kf7 44. g4 b5
45. gxf5 gxf5 46. Be5 b4 47. f4 Be3 48. h4 Bd2 49. Kh6 Bc3 50. Kg5 Bxe5 51.
fxe5 b3 52. Kxf5 bxa2 {White resigns} 0-1

[Event "ICCopen2016"]
[Site "Internet Chess Club"]
[Date "2016.06.03"]
[Round "3"]
[White "boydjj"]
[Black "misterNobody"]
[Result "0-1"]
[ICCResult "White checkmated"]
[WhiteElo "1460"]
[BlackElo "1629"]
[Opening "King's pawn opening"]
[ECO "B07"]
[NIC "VO.17"]
[Time "19:23:15"]
[TimeControl "180+0"]

1. e4 d6 2. b3 Nd7 3. Bb2 a5 4. Nc3 e5 5. Qf3 Ngf6 6. O-O-O h6 7. g4 Nc5 8.
Qg2 Bxg4 9. f3 Be6 10. h4 a4 11. Nge2 axb3 12. axb3 d5 13. exd5 Nxd5 14. f4
Nb4 15. f5 Bd7 16. Re1 Bc6 17. Qh3 Bxh1 18. Qxh1 Ncd3+ 19. cxd3 Nxd3+ 20.
Kb1 Nxe1 21. Nc1 Ba3 22. Qxb7 Bxb2 23. Qc6+ Kf8 24. Kxb2 Qxd2+ 25. Kb1 Qc2#
{White checkmated}
0-1

[Event "ICCopen2016"]
[Site "Internet Chess Club"]
[Date "2016.06.03"]
[Round "3"]
[White "Tresor77"]
[Black "Petergriffin"]
[Result "0-1"]
[ICCResult "White resigns"]
[WhiteElo "1408"]
[BlackElo "2020"]
[Opening "Scandinavian: Pytel-Wade variation"]
[ECO "B01"]
[NIC "SD.02"]
[Time "19:22:45"]
[TimeControl "180+0"]

1. e4 d5 2. exd5 Qxd5 3. Nc3 Qd6 4. d4 Nf6 5. Nf3 g6 6. Be2 Bg7 7. Be3 O-O
8. Qd2 a6 9. O-O b5 10. a3 Bb7 11. Rad1 Nc6 12. Rfe1 Rad8 13. Bf4 Qd7 14.
Ne5 Nxe5 15. Bxe5 c5 16. Qe3 Ng4 17. Bxg4 Qxg4 18. f3 cxd4 19. Bxd4 Bxf3 20.
Qxf3 Qxf3 21. gxf3 Bxd4+ 22. Kg2 e6 23. Kf1 Kg7 24. Ke2 Be5 25. h3 Rc8 26.
Rd3 Rc4 27. Kf2 Bf6 28. Re4 Rfc8 29. Rxc4 Rxc4 30. Ke2 Bxc3 31. bxc3 Ra4 32.
Ke3 Rxa3 33. Rd8 Rxc3+ 34. Kd2 Rxf3 {White resigns} 0-1

[Event "ICCopen2016"]
[Site "Internet Chess Club"]
[Date "2016.06.03"]
[Round "3"]
[White "Cramagica"]
[Black "RonJB"]
[Result "0-1"]
[ICCResult "White checkmated"]
[WhiteElo "1219"]
[BlackElo "1642"]
[Opening "Bird's opening"]
[ECO "A02"]
[NIC "VO.07"]
[Time "19:22:29"]
[TimeControl "180+0"]

1. f4 e6 2. Nf3 d5 3. e3 c5 4. b3 Nc6 5. Bb2 Nf6 6. Nc3 Be7 7. Ne2 O-O 8.
Ng3 b6 9. a3 a5 10. Bd3 Ba6 11. Bxa6 Rxa6 12. O-O Ra7 13. Ne5 Qc7 14. Nh5 d4
15. exd4 cxd4 16. Nxc6 Qxc6 17. Bxd4 Nxh5 18. Qxh5 Qxc2 19. Qg4 Qg6 20. Qxg6
hxg6 21. Bc3 Rd7 22. Rf3 Rfd8 23. Rd1 Bf6 24. Bxf6 gxf6 25. d3 e5 26. fxe5
fxe5 27. g4 e4 28. Re3 exd3 29. Rd2 Rd4 30. h3 b5 31. Kg2 f6 32. Kg3 Kf7 33.
h4 f5 34. gxf5 gxf5 35. Kf3 Kf6 36. h5 Kg5 37. Rg2+ Kxh5 38. Rh2+ Kg5 39.
Rg2+ Rg4 40. Rxg4+ fxg4+ 41. Kf2 d2 42. Re5+ Kf4 43. Rxb5 d1=Q 44. Rxa5 Rd2#
{White checkmated}
0-1

[Event "ICCopen2016"]
[Site "Internet Chess Club"]
[Date "2016.06.03"]
[Round "3"]
[White "oskarito"]
[Black "ALexiz"]
[Result "1-0"]
[ICCResult "Black resigns"]
[WhiteElo "2522"]
[BlackElo "1837"]
[Opening "Sicilian: Najdorf, 6.f4"]
[ECO "B93"]
[NIC "SI.12"]
[Time "19:23:10"]
[TimeControl "180+0"]

1. e4 c5 2. Nf3 d6 3. d4 cxd4 4. Nxd4 Nf6 5. Nc3 a6 6. f4 Qc7 7. a4 b6 8.
Bd3 g6 9. Nf3 Nbd7 10. O-O Bg7 11. Qe1 Bb7 12. Qh4 Nc5 13. f5 Nxd3 14. cxd3
gxf5 15. exf5 O-O-O 16. Be3 Kb8 17. Rac1 Bc6 18. Qb4 Kb7 19. Nd4 Nd7 20. Nd5
Bxd4 21. Qxd4 Qb8 22. Nxe7 Nc5 23. Nxc6 Kxc6 24. b4 Rhg8 25. bxc5 dxc5 26.
Qe4+ Kd7 27. Qd5+ Ke8 28. Qc6+ Kf8 29. Bh6+ Rg7 30. f6 Kg8 31. Bxg7 Rxd3 32.
Rce1 Rd8 33. Re7 {Black resigns} 1-0

[Event "ICCopen2016"]
[Site "Internet Chess Club"]
[Date "2016.06.03"]
[Round "3"]
[White "Aedes"]
[Black "Bozhenka"]
[Result "0-1"]
[ICCResult "White checkmated"]
[WhiteElo "2513"]
[BlackElo "3040"]
[Opening "English: symmetrical variation"]
[ECO "A37"]
[NIC "EO.28"]
[Time "19:21:57"]
[TimeControl "180+0"]

1. Nf3 c5 2. c4 Nc6 3. g3 g6 4. Bg2 Bg7 5. Nc3 d6 6. O-O Bf5 7. h3 Qd7 8.
Kh2 Nf6 9. d3 h6 10. a3 g5 11. Rb1 Rc8 12. Nd5 Nxd5 13. cxd5 Nd4 14. e4
Nxf3+ 15. Qxf3 Bg6 16. b4 cxb4 17. axb4 O-O 18. Bb2 Rc2 19. Bxg7 Kxg7 20.
Qe3 b6 21. Rfc1 Rfc8 22. Rxc2 Rxc2 23. Ra1 Qc7 24. h4 f6 25. Bh3 a5 26. bxa5
bxa5 27. Kg2 Qc3 28. Qa7 Qxd3 29. Qxe7+ Bf7 30. Be6 Qxe4+ 31. Kg1 Qg6 32.
Rxa5 gxh4 33. Ra7 Rc1+ 34. Kh2 hxg3+ 35. fxg3 Qc2+ 36. Kh3 Rh1+ 37. Kg4 Qe4#
{White checkmated}
0-1

[Event "ICCopen2016"]
[Site "Internet Chess Club"]
[Date "2016.06.03"]
[Round "3"]
[White "oriGinal"]
[Black "Astaneh"]
[Result "0-1"]
[ICCResult "White resigns"]
[WhiteElo "1859"]
[BlackElo "2741"]
[Opening "Queen's pawn"]
[ECO "A40"]
[NIC "QO.17"]
[Time "19:23:16"]
[TimeControl "180+0"]

1. d4 c6 2. Bg5 d5 3. Nf3 Qb6 4. b3 Bf5 5. e3 Nf6 6. Bd3 e6 7. Bxf5 exf5 8.
Qd3 Ne4 9. Bf4 Nd7 10. O-O Be7 11. Nbd2 O-O 12. Ne5 Nxe5 13. Bxe5 Bb4 14.
Nf3 Rac8 15. a3 Bd6 16. Bxd6 Nxd6 17. Nh4 g6 18. Nf3 a6 19. Ne5 Rfe8 20.
Rab1 Qc7 21. h4 Kg7 22. h5 f6 23. Nf3 g5 24. Nh2 Qf7 25. g4 fxg4 26. Nxg4
Qxh5 27. f3 Re6 28. Kf2 Rce8 29. Rh1 Qg6 30. Qxg6+ hxg6 31. Rh6 f5 32. Rbh1
fxg4 33. Rh7+ Kf6 34. fxg4 R6e7 35. R7h6 Rxe3 36. Rf1 Re2+ 37. Kg1+ Kg7 38.
Rh3 Rxc2 39. Rhf3 Ree2 40. R3f2 Rxf2 41. Rxf2 Rxf2 42. Kxf2 Ne4+ 43. Ke3 Kf6
44. b4 Ke6 45. a4 Kd6 46. Kd3 Kc7 47. Ke3 Kb6 {White resigns} 0-1